 Dungeon Crawl Stone Soup version 0.28.0-47-ge53b351184 (webtiles) character file.

Game seed: 1274985833050897683

92 NinjaNoafa the Magician (level 4, -2/32 HPs)
             Began as a Djinni Hedge Wizard on Apr 27, 2022.
             Slain by a gnoll
             ... wielding a +0 club
              (3 damage)
             ... on level 2 of the Dungeon.
             The game lasted 00:07:11 (3239 turns).

NinjaNoafa the Magician (Djinni Hedge Wizard)       Turns: 3239, Time: 00:07:12

Health: -2/32      AC:  2    Str:  9    XL:     4   Next: 90%
Gold:   58         EV: 12    Int: 18    God:
                   SH:  0    Dex: 12

rFire   + + .      SeeInvis .   a - +0 dagger (vamp)
rCold   x . .      Faith    .   (no shield)
rNeg    . . .      Spirit   .   b - +0 robe
rPois   ∞          Reflect  .   c - +0 hat
rElec   .          Harm     .   (no cloak)
rCorr   .          Rampage  .   (no gloves)
Will    .....                   (boots unavailable)
Stlth   ++........              (no amulet)
HPRegen 0.10/turn               (no ring)
MPRegen 0.00/turn               (no ring)

@: flying
A: sickness immunity, fire resistance 2, cold vulnerability 1, float, innate
caster, HP casting, extra vitality 1
a: no special abilities


You were on level 2 of the Dungeon.
You visited 1 branch of the dungeon, and saw 2 of its levels.

You collected 58 gold pieces.

Inventory:

Hand Weapons
 a - a +0 vampiric dagger (weapon)
Missiles
 h - 36 stones
Armour
 b - a +0 robe (worn)
 c - a +0 hat (worn)


   Skills:
 + Level 1.5 Fighting
 + Level 3.0 Dodging
 - Level 2.2 Stealth
 * Level 3.2 Spellcasting


You couldn't memorise any spells.
You knew the following spells:

 Your Spells              Type           Power      Damage    Failure   Level
a - Magic Dart            Conj           56%        1d5       4%          1
b - Blink                 Tloc           28%        N/A       6%          2
c - Call Imp              Summ           14%        N/A       6%          2
d - Slow                  Hex            56%        N/A       4%          1
e - Conjure Flame         Conj/Fire      14%        6-21      13%         3
f - Mephitic Cloud        Conj/Pois/Air  14%        N/A       13%         3
g - Animate Skeleton      Necr           28%        N/A       4%          1
Your spell library was empty.

Dungeon Overview and Level Annotations

Branches:
Dungeon (2/15)

Altars:

Shops:
D:1 *((**


Innate Abilities, Weirdness & Mutations

You are immune to sickness and miasma.
You are immune to poison.
Your flesh is very heat resistant. (rF++)
You are vulnerable to cold. (rC-)
You float through the air rather than walking.
You learn spells naturally, not from books.
Your magical power is your life essence.
You have superior vitality. (+4 MHP)


Message History

There is an open door here.
There is a stone staircase leading up here.
You fly upwards.
There is a stone staircase leading down here.
You feel a little less mighty now.
HP restored.
Done exploring.
You fly downwards.
There is a stone staircase leading up here.
Casting: Blink (safe; 6% risk of failure)
Confirm with . or Enter, or press ? or * to list all spells.
A beastly little devil appears in a puff of flame.
The gnoll misses your crimson imp.
Casting: Call Imp (safe; 6% risk of failure)
Confirm with . or Enter, or press ? or * to list all spells.
Aiming: Magic Dart (safe; 4% risk of failure)
Press: ? - help, Shift-Dir - straight line, f - gnoll
Aim: a gnoll, wielding a +0 club (100% to hit)
The magic dart hits the gnoll.
The gnoll is lightly wounded.
The gnoll hits you with a +0 club.
Your crimson imp barely misses the gnoll.
Casting: Magic Dart (safe; 4% risk of failure)
Confirm with . or Enter, or press ? or * to list all spells.
Aiming: Magic Dart (safe; 4% risk of failure)
Press: ? - help, Shift-Dir - straight line, f/p - gnoll
Aim: a gnoll, wielding a +0 club (lightly wounded, 100% to hit)
The magic dart hits the gnoll.
The gnoll is moderately wounded.
The gnoll barely misses you.
Your crimson imp hits the gnoll.
You barely miss the gnoll.
The gnoll is moderately wounded.
The gnoll barely misses you. The gnoll hits you with a +0 club!
Your crimson imp barely misses the gnoll.
You barely miss the gnoll.
The gnoll is moderately wounded.
The gnoll hits you from afar with a +0 halberd!
* * * LOW HITPOINT WARNING * * *
The gnoll hits you with a +0 club.
You die...

#.# #.# #####.##.#.## #.# #.#
#.##.#.# #.* ##'## #.##.#.# *,*
##...## ##.##.#.# *,****
##.....## #.......#
*,*#.#***##.......## #..##.#.#
**,,.....##.....g5..####.....#.#
,,,,......'.........+........#.#
****...#.##....g@...####.....#.#
**,*#,*##.....[.## #...#.#.#
****,,,*##.....## #.....#.#
*,,,,,,,*##...## #.......#
*,**,,,** ##'## ###.#####
*,***,** #.# #.# *,* *** #.# #.#
*,* ##.######## #.# *,*
##.........# #.#


You could see 2 gnolls and a friendly crimson imp (summoned).

Vanquished Creatures
  A gnoll (D:1)
  An adder (D:2)
  2 dart slugs (D:2)
  2 endoplasms (D:1)
  2 giant cockroaches (D:1)
  A goblin (D:1)
  2 hobgoblins (D:1)
  A quokka (D:1)
  A ball python (D:2)
  4 bats
  8 frilled lizards
  3 kobolds
  5 rats
33 creatures vanquished.

Vanquished Creatures (collateral kills)
  3 gnolls (D:2)
  A worm (D:2)
  2 endoplasms
  A hobgoblin (D:1)
  A quokka (D:2)
  A frilled lizard (D:2)
9 creatures vanquished.

Grand Total: 42 creatures vanquished

Notes
Turn   | Place    | Note
-------+----------+-------------------------------------------
     0 | D:1      | NinjaNoafa the Djinni Hedge Wizard began the quest for the
                  | Orb.
     0 | D:1      | Reached XP level 1. HP: 15/15 MP: 0/0
    54 | D:1      | Found Bapnefaypn's Weapon Boutique.
   470 | D:1      | Reached XP level 2. HP: 21/22 MP: 0/0
   691 | D:1      | Found Ubaebizu's General Store.
   704 | D:1      | Reached XP level 3. HP: 11/26 MP: 0/0
   704 | D:1      | Learned a level 1 spell: Animate Skeleton
   771 | D:1      | Found Wiutye's General Store.
  1166 | D:1      | Found Japuj's Assorted Antiques.
  1327 | D:1      | Found Nialem's Antique Weapon Shoppe.
  1355 | D:1      | Reached skill level 1 in Fighting
  1689 | D:1      | Found a faded altar of an unknown god.
  1760 | D:2      | Reached XP level 4. HP: 30/32 MP: 0/0
  2908 | D:2      | HP: 1/32 [gnoll/+0 club (7)]
  3239 | D:2      | HP: 1/32 [gnoll/+0 halberd (13)]
  3239 | D:2      | Slain by a gnoll

Illustrated notes

Levels and vault maps discovered:
D:1:      minmay_arrival_radiant_lines, layout_basic, serial_shops, shop, shop,
          nicolae_shop_stone, nicolae_shop_advertising_works
          [nicolae_subvault_shop_adworks], shop,
          dilly_ecumenical_altar_fadedgnrine
D:2:      layout_loops_corners, minmay_tromino_v4_c, uniq_natasha

Skill      XL: |  1  2  3  4 |
---------------+-------------+-----
Stealth        | 2 |  2.2
Fighting       | 1 |  1.5
Spellcasting   | 3 |  3.2
Dodging        | 3 |  3.0

Action                   |  1- 3 |  4- 6 || total
-------------------------+-------+-------++-------
Melee: Dagger            |    29 |    11 ||    40
 Cast: Magic Dart        |    45 |    32 ||    77
       Call Imp          |     4 |     8 ||    12
       Slow              |     1 |     3 ||     4
       Blink             |     1 |     2 ||     3
  Use: Scroll            |     3 |     3 ||     6
       Potion            |     1 |     2 ||     3
 Stab: Sleeping          |     1 |       ||     1
Armor: Robe              |    10 |     2 ||    12
Dodge: Dodged            |    35 |    10 ||    45
